VANCOUVER vs LOS ANGELES

Created - January-28-21 at 11:47

Goals
1 2 3 OT1 T
VANCOUVER 2 0 0 0 2
LOS ANGELES 0 2 0 1 3
Shots
1 2 3 OT1 T
VANCOUVER 9 14 10 1 34
LOS ANGELES 10 10 5 2 27

1st period

1. VANCOUVER , Tyler Seguin 4 (Ryan Ellis 12, Mark Stone 3) at 5:39 (PP)
2. VANCOUVER , Trevor Moore 1 (Sheldon Dries 1) at 11:54

Penalties :
Alex Goligoski (LOS) for Holding (Minor) at 2:02, Kris Letang (LOS) for Interference (Minor) at 4:39, Gabriel Bourque (LOS) for Roughing (Minor) at 12:01

2nd period

3. LOS ANGELES , Matthew Tkachuk 7 (Jonathan Toews 12, Mika Zibanejad 12) at 5:00
4. LOS ANGELES , Jonathan Toews 7 (Matthew Tkachuk 11, Ryan McDonagh 3) at 8:40 (PP)

Penalties :
Johnny Boychuk (LOS) for Boarding (Minor) at 5:06, Ryan Ellis (VAN) for Interference (Minor) at 7:13, Zdeno Chara (LOS) for Holding (Minor) at 9:43

3rd period

No Goal

Penalties :
No Penalty

Overtime #1

5. LOS ANGELES , Jonathan Toews 8 (Alex Goligoski 6, Travis Zajac 3) at 4:29

Penalties :
No Penalty

Goalie Stats

Petr Mrazek (VAN), 24 saves from 27 shots - (0.889), OTL, 4-7-3, 64:30 minutes
Antti Raanta (LOS), 32 saves from 34 shots - (0.941), W, 9-5-0, 64:30 minutes

Players Stats for VANCOUVER

Player Name              G  A  P  +/- PIM S  H  SB GA TA FO     MP     PP MP  PK MP  
------------------------------------------------------------------------------------
Alex Steen               0  0  0   0  0   2  1  0  0  0  2/3    15:27   0:00   0:43 
Erik Johnson             0  0  0   0  0   0  0  2  0  0  0/0    25:40   3:54   1:27 
Hampus Lindholm          0  0  0  -1  0   2  1  0  0  0  0/0    21:50   5:02   0:00 
Jonathan Huberdeau       0  0  0   0  0   3  1  0  0  0  2/3    20:06   3:54   0:25 
Luca Sbisa               0  0  0   0  0   1  3  1  0  0  0/0    17:56   0:00   0:56 
Mark Stone               0  1  1   0  0   4  1  0  0  0  1/2    19:41   3:54   0:00 
Melker Karlsson          0  0  0   0  0   3  0  1  0  0  1/1    12:32   0:00   0:00 
Nazem Kadri              0  0  0  -2  0   2  3  0  0  0  12/24  22:01   5:02   0:18 
Nick Schmaltz            0  0  0   0  0   4  1  0  0  0  6/16   14:44   0:00   0:00 
Nikolaj Ehlers           0  0  0  -1  0   2  0  0  0  0  1/3    21:15   5:02   0:00 
Ryan Ellis               0  1  1   0  2   0  1  1  0  0  0/0    22:00   3:54   0:00 
Sami Vatanen             0  0  0   0  0   1  3  0  0  0  0/0    21:22   5:02   0:00 
Sheldon Dries            0  1  1   1  0   0  0  0  0  0  2/7     7:39   0:00   0:44 
TJ Brodie                0  0  0   0  0   2  1  1  0  0  0/0    15:41   0:00   0:31 
Trevor Moore             1  0  1   1  0   1  0  0  0  0  0/0     5:05   0:00   0:00 
Troy Brouwer             0  0  0   1  0   0  0  0  0  0  0/0     6:55   0:00   0:00 
Tyler Seguin             1  0  1   0  0   5  0  0  0  0  15/26  19:41   3:54   0:00 
Zach Parise              0  0  0  -2  0   2  2  1  0  0  0/3    22:27   5:02   0:44 

Players Stats for LOS ANGELES

Player Name              G  A  P  +/- PIM S  H  SB GA TA FO     MP     PP MP  PK MP  
------------------------------------------------------------------------------------
Alex Goligoski           0  1  1   1  2   0  1  1  0  0  0/0    22:23   0:51   3:06 
Artem Anisimov           0  0  0   0  0   0  0  0  0  0  0/0    14:07   0:00   0:00 
Gabriel Bourque          0  0  0  -1  2   1  0  0  0  0  0/2     2:43   0:00   0:00 
Jakub Vrana              0  0  0   0  0   1  4  0  0  0  0/1    17:33   0:51   0:00 
Johnny Boychuk           0  0  0   0  2   0  1  2  0  0  0/0    22:45   0:36   1:13 
Jonathan Toews           2  1  3   2  0   4  2  0  0  0  11/21  25:42   0:36   6:08 
Josh Manson              0  0  0   0  0   0  4  2  0  0  0/0    19:20   0:00   3:54 
Kris Letang              0  0  0   0  2   0  0  1  0  0  0/0     6:24   0:00   2:03 
Matthew Tkachuk          1  1  2   1  0   4  1  0  0  0  0/4    20:02   0:36   2:48 
Mika Zibanejad           0  1  1   1  0   6  3  1  0  0  8/14   23:22   0:36   6:08 
Mike Hoffman             0  0  0   0  0   2  1  1  0  0  3/4    21:23   0:51   2:48 
Nick Bonino              0  0  0   0  0   0  1  0  0  0  11/21  18:35   0:51   0:00 
Nick Cousins             0  0  0  -1  0   1  0  0  0  0  0/0     2:44   0:00   0:00 
Riley Nash               0  0  0  -1  0   1  0  0  0  0  3/5     3:52   0:00   0:00 
Ryan McDonagh            0  1  1   0  0   2  0  1  0  0  0/0    25:13   0:36   4:20 
Travis Zajac             0  1  1   1  0   1  0  0  0  0  10/15  16:27   0:00   0:00 
Vladislav Namestnikov    0  0  0   0  0   4  1  0  0  0  0/1    14:07   0:00   0:00 
Zdeno Chara              0  0  0   0  2   0  2  2  0  0  0/0    27:47   0:51   3:16 

3 Stars

1 - Jonathan Toews (LOS)
2 - Matthew Tkachuk (LOS)
3 - Antti Raanta (LOS)

Power Play

VANCOUVER - 1 on 5 Attempt(s) - 20.00%
LOS ANGELES - 1 on 1 Attempt(s) - 100.00%

Penalty Kill

VANCOUVER - 0 on 1 Attempt(s) - 0.00% - Score 0 goal in Penalty Kill
LOS ANGELES - 4 on 5 Attempt(s) - 80.00% - Score 0 goal in Penalty Kill

Team Stat

VANCOUVER - Hits : 18 - Faceoff Wins : 42 - Blocked Shots : 7 - Penalty Minutes : 2
LOS ANGELES - Hits : 21 - Faceoff Wins : 46 - Blocked Shots : 11 - Penalty Minutes : 10

Official

Referees : Brian Pochmara and Kevin Pollock
Linesman : Michel Cormier and Shandor Alphonso

Game Notes

Kris Letang is injured at 16:15 of 1st period (Bruised Left Shoulder)

Finance

Level 1 -- Attendance: 4669 (77.82%) -- Ticket Income $466,900
Level 2 -- Attendance: 4209 (84.18%) -- Ticket Income $252,540
Level 3 -- Attendance: 2000 (100.00%) -- Ticket Income $70,000
Level 4 -- Attendance: 3710 (92.75%) -- Ticket Income $74,200
Luxury Box -- Attendance: 787 (78.70%) -- Ticket Income $157,400
Game was played at the Staples Center.
Total Attendance: 15375 (85.42%)
Total Ticket Income: $1,021,040
Total Income: $1,021,040

VANCOUVER

5 vs 5 Forward 
   Center                   Left Wing                Right Wing               Time % Phy DF OF 
 1 Tyler Seguin             Jonathan Huberdeau       Mark Stone               38     0   1  4  
 2 Nazem Kadri              Zach Parise              Nikolaj Ehlers           37     0   2  3  
 3 Nick Schmaltz            Alex Steen               Melker Karlsson          25     1   3  1  
 4 Sheldon Dries            Trevor Moore             Troy Brouwer             0      1   4  0  

5 vs 5 Defense 
   Defense                  Defense                                           Time % Phy DF OF 
 1 Ryan Ellis               Erik Johnson                                      40     0   2  3  
 2 Hampus Lindholm          Sami Vatanen                                      35     0   2  3  
 3 TJ Brodie                Luca Sbisa                                        25     1   4  0  
 4 Ryan Ellis               Erik Johnson                                      0      0   3  2  

PowerPlay Forward 
   Center                   Left Wing                Right Wing               Time % Phy DF OF 
 1 Tyler Seguin             Jonathan Huberdeau       Mark Stone               60     0   0  5  
 2 Nazem Kadri              Zach Parise              Nikolaj Ehlers           40     0   0  5  

PowerPlay Defense
   Defense                  Defense                                           Time % Phy DF OF 
 1 Ryan Ellis               Erik Johnson                                      60     1   0  4  
 2 Hampus Lindholm          Sami Vatanen                                      40     1   0  4  

Penalty Kill 4 Players Forward 
   Center                   Wing                     Time % Phy DF OF 
 1 Nazem Kadri              Alex Steen               60     1   4  0  
 2 Sheldon Dries            Zach Parise              40     1   4  0  

Penalty Kill 4 Players Defense
   Defense                  Defense                  Time % Phy DF OF 
 1 Ryan Ellis               Erik Johnson             60     1   4  0  
 2 Hampus Lindholm          Sami Vatanen             40     1   4  0  

Penalty Kill - 3 Players Forward 
   Forward                                           Time % Phy DF OF 
 1 Nazem Kadri                                       60     1   2  2  
 2 Tyler Seguin                                      40     1   2  2  

Penalty Kill - 3 Players Defense
   Defense                  Defense                  Time % Phy DF OF 
 1 Ryan Ellis               Erik Johnson             60     1   2  2  
 2 Hampus Lindholm          Sami Vatanen             40     1   2  2  

4 vs 4 Forward 
   Center                   Wing                     Time % Phy DF OF 
 1 Tyler Seguin             Jonathan Huberdeau       60     0   1  4  
 2 Nazem Kadri              Mark Stone               40     0   1  4  

4 vs 4 Defense
   Defense                  Defense                  Time % Phy DF OF 
 1 Ryan Ellis               Erik Johnson             60     1   2  2  
 2 Hampus Lindholm          Sami Vatanen             40     1   2  2  

Last Minutes Offensive
   Center                   Left Wing                Right Wing               Defense                  Defense                  
   Tyler Seguin             Jonathan Huberdeau       Mark Stone               Ryan Ellis               Sami Vatanen             

Last Minutes Defensive
   Center                   Left Wing                Right Wing               Defense                  Defense                  
   Tyler Seguin             Jonathan Huberdeau       Mark Stone               Ryan Ellis               Erik Johnson             

Goaltenders
Starting : Petr Mrazek              
Backup : Hunter Miska             

Extra Forwards
Normal : Zach Parise, Jonathan Huberdeau, Mark Stone - PP : Nazem Kadri, Tyler Seguin - PK : Jonathan Huberdeau
Extra Defensemen
Normal : TJ Brodie, Ryan Ellis, Hampus Lindholm - PP : TJ Brodie - PK : TJ Brodie, Luca Sbisa
Penalty Shots
Mark Stone, Tyler Seguin, Jonathan Huberdeau, Zach Parise, Nikolaj Ehlers

Scratches
None

LOS ANGELES

5 vs 5 Forward 
   Center                   Left Wing                Right Wing               Time % Phy DF OF 
 1 Jonathan Toews           Matthew Tkachuk          Mika Zibanejad           39     0   2  3  
 2 Nick Bonino              Mike Hoffman             Jakub Vrana              32     0   2  3  
 3 Travis Zajac             Vladislav Namestnikov    Artem Anisimov           25     1   2  2  
 4 Riley Nash               Gabriel Bourque          Nick Cousins             4      2   2  1  

5 vs 5 Defense 
   Defense                  Defense                                           Time % Phy DF OF 
 1 Kris Letang              Ryan McDonagh                                     40     1   2  2  
 2 Zdeno Chara              Alex Goligoski                                    35     1   2  2  
 3 Johnny Boychuk           Josh Manson                                       17     3   1  1  
 4 Kris Letang              Ryan McDonagh                                     8      1   2  2  

PowerPlay Forward 
   Center                   Left Wing                Right Wing               Time % Phy DF OF 
 1 Mika Zibanejad           Matthew Tkachuk          Jonathan Toews           66     0   1  4  
 2 Nick Bonino              Mike Hoffman             Jakub Vrana              34     0   1  4  

PowerPlay Defense
   Defense                  Defense                                           Time % Phy DF OF 
 1 Kris Letang              Ryan McDonagh                                     60     1   2  2  
 2 Zdeno Chara              Alex Goligoski                                    40     2   0  3  

Penalty Kill 4 Players Forward 
   Center                   Wing                     Time % Phy DF OF 
 1 Mika Zibanejad           Jonathan Toews           60     1   2  2  
 2 Matthew Tkachuk          Mike Hoffman             40     1   2  2  

Penalty Kill 4 Players Defense
   Defense                  Defense                  Time % Phy DF OF 
 1 Kris Letang              Ryan McDonagh            60     1   2  2  
 2 Zdeno Chara              Alex Goligoski           40     1   2  2  

Penalty Kill - 3 Players Forward 
   Forward                                           Time % Phy DF OF 
 1 Mika Zibanejad                                    60     1   2  2  
 2 Jonathan Toews                                    40     1   2  2  

Penalty Kill - 3 Players Defense
   Defense                  Defense                  Time % Phy DF OF 
 1 Kris Letang              Ryan McDonagh            60     1   2  2  
 2 Zdeno Chara              Alex Goligoski           40     1   2  2  

4 vs 4 Forward 
   Center                   Wing                     Time % Phy DF OF 
 1 Mika Zibanejad           Jonathan Toews           60     1   2  2  
 2 Matthew Tkachuk          Mike Hoffman             40     1   2  2  

4 vs 4 Defense
   Defense                  Defense                  Time % Phy DF OF 
 1 Kris Letang              Ryan McDonagh            60     1   2  2  
 2 Zdeno Chara              Alex Goligoski           40     1   2  2  

Last Minutes Offensive
   Center                   Left Wing                Right Wing               Defense                  Defense                  
   Mika Zibanejad           Matthew Tkachuk          Mike Hoffman             Kris Letang              Ryan McDonagh            

Last Minutes Defensive
   Center                   Left Wing                Right Wing               Defense                  Defense                  
   Mika Zibanejad           Matthew Tkachuk          Mike Hoffman             Kris Letang              Ryan McDonagh            

Goaltenders
Starting : Antti Raanta             
Backup : Jaroslav Halak           

Extra Forwards
Normal : Gabriel Bourque, Travis Zajac, Vladislav Namestnikov - PP : Gabriel Bourque, Travis Zajac - PK : Vladislav Namestnikov
Extra Defensemen
Normal : Johnny Boychuk, Josh Manson, Zdeno Chara - PP : Johnny Boychuk - PK : Josh Manson, Zdeno Chara
Penalty Shots
Mika Zibanejad, Jonathan Toews, Matthew Tkachuk, Mike Hoffman, Nick Bonino

Scratches
None


% Time on Ice - VANCOUVER

Lines # - Real PCT - Wanted PCT - Time Play
Normal Forward
1 - 32% - 38% - 15:47
2 - 33% - 37% - 16:13
3 - 25% - 25% - 12:32
4 - 10% - 0% - 5:05
Normal Defense
1 - 37% - 40% - 18:07
2 - 33% - 35% - 16:20
3 - 31% - 25% - 15:10
4 - 0% - 0% - 0:00
PP Forward
1 - 44% - 60% - 3:54
2 - 56% - 40% - 5:02
PP Defense
1 - 44% - 60% - 3:54
2 - 56% - 40% - 5:02
PK Forward
1 - 49% - 60% - 0:43
2 - 51% - 40% - 0:44
PK Defense
1 - 100% - 60% - 1:27
2 - 0% - 40% - 0:00
PK3 Forward
1 - 0% - 60%
2 - 0% - 40%
PK3 Defense
1 - 0% - 60%
2 - 0% - 40%
44 Forward
1 - 0% - 60%
2 - 0% - 40%
44 Defense
1 - 0% - 60%
2 - 0% - 40%
Last Minute Offensive  - 0:00
Last Minute Defensive  - 0:00
Total
Forward - 60:00
Defense - 60:00

% Time on Ice - LOS ANGELES

Lines # - Real PCT - Wanted PCT - Time Play
Normal Forward
1 - 34% - 39% - 16:38
2 - 33% - 32% - 16:08
3 - 28% - 25% - 14:07
4 - 6% - 4% - 2:44
Normal Defense
1 - 41% - 40% - 20:15
2 - 34% - 35% - 16:57
3 - 22% - 17% - 11:00
4 - 3% - 8% - 1:25
PP Forward
1 - 41% - 66% - 0:36
2 - 59% - 34% - 0:51
PP Defense
1 - 41% - 60% - 0:36
2 - 59% - 40% - 0:51
PK Forward
1 - 69% - 60% - 6:08
2 - 31% - 40% - 2:48
PK Defense
1 - 54% - 60% - 4:48
2 - 46% - 40% - 4:08
PK3 Forward
1 - 0% - 60%
2 - 0% - 40%
PK3 Defense
1 - 0% - 60%
2 - 0% - 40%
44 Forward
1 - 0% - 60%
2 - 0% - 40%
44 Defense
1 - 0% - 60%
2 - 0% - 40%
Last Minute Offensive  - 0:00
Last Minute Defensive  - 0:00
Total
Forward - 60:00
Defense - 60:00

Play-by-Play

1st period


0:01 of 1st period - Tyler Seguin wins face-off versus Mika Zibanejad in neutral zone.
0:26 of 1st period - Shot by Mika Zibanejad.
0:26 of 1st period - Stopped by Petr Mrazek with a rebound.
0:28 of 1st period - Shot by Ryan McDonagh.
0:28 of 1st period - Stopped by Petr Mrazek with a rebound.
0:38 of 1st period - Shot by Jonathan Huberdeau.
0:38 of 1st period - Shot Blocked by Ryan McDonagh.
1:06 of 1st period - Off-side.
1:07 of 1st period - Travis Zajac wins face-off versus Nick Schmaltz in neutral zone.
1:12 of 1st period - Shot by Vladislav Namestnikov.
1:12 of 1st period - Shot Misses the Net.
1:32 of 1st period - Shot by Travis Zajac.
1:32 of 1st period - Shot Blocked by TJ Brodie.
1:34 of 1st period - Shot by Artem Anisimov.
1:34 of 1st period - Deflect By Vladislav Namestnikov.
1:34 of 1st period - Stopped by Petr Mrazek without a rebound.
1:35 of 1st period - Nazem Kadri wins face-off versus Nick Bonino in VANCOUVER zone.
1:35 of 1st period - Nazem Kadri is hit by Jakub Vrana.
1:43 of 1st period - Shot by Nazem Kadri.
1:43 of 1st period - Stopped by Antti Raanta without a rebound.
1:44 of 1st period - Riley Nash wins face-off versus Nikolaj Ehlers in LOS ANGELES zone.
2:02 of 1st period - Minor Penalty to Alex Goligoski for Holding.
2:03 of 1st period - Tyler Seguin wins face-off versus Mika Zibanejad in LOS ANGELES zone.
2:06 of 1st period - Shot by Jonathan Huberdeau.
2:06 of 1st period - Shot Blocked by Mika Zibanejad.
2:38 of 1st period - Shot by Ryan Ellis.
2:38 of 1st period - Shot Misses the Net.
2:58 of 1st period - Ryan McDonagh is hit by Nazem Kadri and loses puck.
3:25 of 1st period - Shot by Hampus Lindholm.
3:25 of 1st period - Shot Misses the Net.
3:27 of 1st period - Shot by Sami Vatanen.
3:27 of 1st period - Stopped by Antti Raanta without a rebound.
3:28 of 1st period - Tyler Seguin wins face-off versus Matthew Tkachuk in LOS ANGELES zone.
3:35 of 1st period - Shot by Tyler Seguin.
3:35 of 1st period - Deflect By Jonathan Huberdeau.
3:35 of 1st period - Shot Misses the Net.
3:37 of 1st period - Shot by Tyler Seguin.
3:37 of 1st period - Shot Blocked by Johnny Boychuk.
3:51 of 1st period - Shot by Ryan Ellis.
3:51 of 1st period - Shot Blocked by Johnny Boychuk.
4:15 of 1st period - Nick Schmaltz is hit by Vladislav Namestnikov.
4:39 of 1st period - Minor Penalty to Kris Letang for Interference.
4:40 of 1st period - Nikolaj Ehlers wins face-off versus Mika Zibanejad in LOS ANGELES zone.
5:21 of 1st period - Shot by Zach Parise.
5:21 of 1st period - Deflect By Nazem Kadri.
5:21 of 1st period - Shot Blocked by Alex Goligoski.
5:39 of 1st period - Shot by Tyler Seguin.
5:39 of 1st period - Goal by Tyler Seguin - VANCOUVER : 1 - LOS ANGELES : 0.
5:40 of 1st period - Nick Bonino wins face-off versus Nick Schmaltz in neutral zone.
6:01 of 1st period - Shot by Nick Schmaltz.
6:01 of 1st period - Shot Misses the Net.
6:11 of 1st period - Shot by Jakub Vrana.
6:11 of 1st period - Shot Misses the Net.
6:17 of 1st period - Mike Hoffman is hit by Alex Steen and loses puck.
6:38 of 1st period - Shot by Artem Anisimov.
6:38 of 1st period - Deflect By Travis Zajac.
6:38 of 1st period - Stopped by Petr Mrazek without a rebound.
6:39 of 1st period - Nazem Kadri wins face-off versus Travis Zajac in VANCOUVER zone.
7:37 of 1st period - Shot by Mark Stone.
7:37 of 1st period - Deflect By Tyler Seguin.
7:37 of 1st period - Shot Misses the Net.
8:01 of 1st period - Off-side.
8:02 of 1st period - Nick Bonino wins face-off versus Nick Schmaltz in neutral zone.
8:38 of 1st period - Icing by Mike Hoffman.
8:39 of 1st period - Nick Bonino wins face-off versus Nazem Kadri in LOS ANGELES zone.
8:56 of 1st period - Shot by Nikolaj Ehlers.
8:56 of 1st period - Stopped by Antti Raanta with a rebound.
9:02 of 1st period - Shot by Zach Parise.
9:02 of 1st period - Shot Misses the Net.
9:13 of 1st period - Zach Parise is hit by Josh Manson and loses puck.
9:18 of 1st period - Shot by Nazem Kadri.
9:18 of 1st period - Shot Blocked by Josh Manson.
9:47 of 1st period - Icing by Mark Stone.
9:48 of 1st period - Jonathan Toews wins face-off versus Tyler Seguin in VANCOUVER zone.
9:56 of 1st period - Icing by Erik Johnson.
9:57 of 1st period - Jonathan Toews wins face-off versus Tyler Seguin in VANCOUVER zone.
9:58 of 1st period - Shot by Mika Zibanejad.
9:58 of 1st period - Stopped by Petr Mrazek without a rebound.
9:59 of 1st period - Jonathan Toews wins face-off versus Nick Schmaltz in VANCOUVER zone.
10:50 of 1st period - Zach Parise is hit by Jonathan Toews and loses puck.
11:24 of 1st period - Shot by Nikolaj Ehlers.
11:24 of 1st period - Shot Hit the Post.
11:46 of 1st period - Shot by Tyler Seguin.
11:46 of 1st period - Shot Misses the Net.
11:48 of 1st period - Shot by TJ Brodie.
11:48 of 1st period - Stopped by Antti Raanta without a rebound.
11:49 of 1st period - Sheldon Dries wins face-off versus Riley Nash in LOS ANGELES zone.
11:54 of 1st period - Shot by Trevor Moore.
11:54 of 1st period - Goal by Trevor Moore - VANCOUVER : 2 - LOS ANGELES : 0.
11:55 of 1st period - Riley Nash wins face-off versus Tyler Seguin in neutral zone.
11:59 of 1st period - Zdeno Chara is hit by Luca Sbisa and loses puck.
12:01 of 1st period - Minor Penalty to Gabriel Bourque for Roughing.
12:02 of 1st period - Mika Zibanejad wins face-off versus Tyler Seguin in LOS ANGELES zone.
12:11 of 1st period - Kris Letang is hit by Jonathan Huberdeau.
12:39 of 1st period - Shot by Ryan Ellis.
12:39 of 1st period - Shot Misses the Net.
12:41 of 1st period - Shot by Jonathan Huberdeau.
12:41 of 1st period - Shot Misses the Net.
12:43 of 1st period - Shot by Ryan Ellis.
12:43 of 1st period - Shot Blocked by Kris Letang.
13:06 of 1st period - Shot by Hampus Lindholm.
13:06 of 1st period - Shot Hit the Post.
14:00 of 1st period - Shot by Erik Johnson.
14:00 of 1st period - Shot Blocked by Josh Manson.
14:02 of 1st period - Shot by Melker Karlsson.
14:02 of 1st period - Stopped by Antti Raanta without a rebound.
14:03 of 1st period - Nick Schmaltz wins face-off versus Travis Zajac in LOS ANGELES zone.
14:07 of 1st period - Melker Karlsson is hit by Josh Manson.
14:09 of 1st period - Shot by Alex Steen.
14:09 of 1st period - Shot Misses the Net.
14:17 of 1st period - Shot by Vladislav Namestnikov.
14:17 of 1st period - Shot Misses the Net.
15:36 of 1st period - Shot by Kris Letang.
15:36 of 1st period - Shot Blocked by Ryan Ellis.
16:14 of 1st period - Kris Letang is hit by Sami Vatanen and loses puck.
16:15 of 1st period - Kris Letang from LOS ANGELES is injured at 16:15 of 1st period (Bruised Left Shoulder).
16:16 of 1st period - Mark Stone wins face-off versus Jonathan Toews in VANCOUVER zone.
16:16 of 1st period - Mark Stone is hit by Matthew Tkachuk.
16:34 of 1st period - Shot by Jonathan Huberdeau.
16:34 of 1st period - Stopped by Antti Raanta without a rebound.
16:35 of 1st period - Travis Zajac wins face-off versus Nazem Kadri in LOS ANGELES zone.
16:53 of 1st period - Off-side.
16:54 of 1st period - Mika Zibanejad wins face-off versus Tyler Seguin in neutral zone.
17:09 of 1st period - Shot by Mika Zibanejad.
17:09 of 1st period - Stopped by Petr Mrazek without a rebound.
17:10 of 1st period - Mike Hoffman wins face-off versus Nazem Kadri in VANCOUVER zone.
17:27 of 1st period - Jakub Vrana is hit by Luca Sbisa.
17:35 of 1st period - Shot by Jakub Vrana.
17:35 of 1st period - Stopped by Petr Mrazek with a rebound.
17:41 of 1st period - TJ Brodie is hit by Jakub Vrana and loses puck.
18:29 of 1st period - Shot by Tyler Seguin.
18:29 of 1st period - Stopped by Antti Raanta without a rebound.
18:30 of 1st period - Travis Zajac wins face-off versus Nick Schmaltz in LOS ANGELES zone.
18:30 of 1st period - Travis Zajac is hit by Nick Schmaltz.
18:52 of 1st period - Shot by Vladislav Namestnikov.
18:52 of 1st period - Stopped by Petr Mrazek without a rebound.
18:53 of 1st period - Riley Nash wins face-off versus Mark Stone in VANCOUVER zone.
19:08 of 1st period - Shot by Gabriel Bourque.
19:08 of 1st period - Stopped by Petr Mrazek without a rebound.
19:09 of 1st period - Jonathan Toews wins face-off versus Nick Schmaltz in VANCOUVER zone.
19:12 of 1st period - Shot by Matthew Tkachuk.
19:12 of 1st period - Stopped by Petr Mrazek without a rebound.
19:13 of 1st period - Jonathan Huberdeau wins face-off versus Jonathan Toews in VANCOUVER zone.
19:13 of 1st period - Jonathan Huberdeau is hit by Mika Zibanejad.
Goals for this period are 2 for VANCOUVER vs 0 for LOS ANGELES.
Shots for this period are 9 for VANCOUVER vs 10 for LOS ANGELES.

2nd period


0:01 of 2nd period - Jonathan Toews wins face-off versus Nazem Kadri in neutral zone.
0:21 of 2nd period - Shot by Matthew Tkachuk.
0:21 of 2nd period - Stopped by Petr Mrazek without a rebound.
0:22 of 2nd period - Nick Bonino wins face-off versus Tyler Seguin in VANCOUVER zone.
0:52 of 2nd period - Jonathan Huberdeau is hit by Alex Goligoski and loses puck.
1:26 of 2nd period - Shot by Mika Zibanejad.
1:26 of 2nd period - Stopped by Petr Mrazek without a rebound.
1:27 of 2nd period - Travis Zajac wins face-off versus Nazem Kadri in VANCOUVER zone.
1:50 of 2nd period - Travis Zajac is hit by Sami Vatanen and loses puck.
2:33 of 2nd period - Shot by Matthew Tkachuk.
2:33 of 2nd period - Shot Misses the Net.
2:51 of 2nd period - Shot by Alex Steen.
2:51 of 2nd period - Stopped by Antti Raanta without a rebound.
2:52 of 2nd period - Mike Hoffman wins face-off versus Sheldon Dries in LOS ANGELES zone.
4:09 of 2nd period - Shot by Tyler Seguin.
4:09 of 2nd period - Deflect By Jonathan Huberdeau.
4:09 of 2nd period - Stopped by Antti Raanta with a rebound.
4:50 of 2nd period - Shot by Jonathan Toews.
4:50 of 2nd period - Shot Misses the Net.
4:52 of 2nd period - Shot by Josh Manson.
4:52 of 2nd period - Shot Misses the Net.
4:54 of 2nd period - Shot by Johnny Boychuk.
4:54 of 2nd period - Shot Misses the Net.
4:56 of 2nd period - Shot by Mika Zibanejad.
4:56 of 2nd period - Shot Misses the Net.
4:58 of 2nd period - Shot by Jonathan Toews.
4:58 of 2nd period - Stopped by Petr Mrazek with a rebound.
5:00 of 2nd period - Shot by Matthew Tkachuk.
5:00 of 2nd period - Goal by Matthew Tkachuk - VANCOUVER : 2 - LOS ANGELES : 1.
5:01 of 2nd period - Nick Schmaltz wins face-off versus Nick Bonino in neutral zone.
5:01 of 2nd period - Ryan Ellis is hit by Jakub Vrana.
5:05 of 2nd period - Shot by Melker Karlsson.
5:05 of 2nd period - Shot Blocked by Mike Hoffman.
5:06 of 2nd period - Minor Penalty to Johnny Boychuk for Boarding.
5:07 of 2nd period - Nazem Kadri wins face-off versus Mika Zibanejad in LOS ANGELES zone.
5:29 of 2nd period - Icing by Nazem Kadri.
5:30 of 2nd period - Mika Zibanejad wins face-off versus Zach Parise in VANCOUVER zone.
5:39 of 2nd period - Shot by Zach Parise.
5:39 of 2nd period - Stopped by Antti Raanta with a rebound.
5:41 of 2nd period - Shot by Nikolaj Ehlers.
5:41 of 2nd period - Stopped by Antti Raanta without a rebound.
5:42 of 2nd period - Mika Zibanejad wins face-off versus Tyler Seguin in LOS ANGELES zone.
5:49 of 2nd period - Icing by Ryan Ellis.
5:50 of 2nd period - Tyler Seguin wins face-off versus Mika Zibanejad in VANCOUVER zone.
6:01 of 2nd period - Shot by Mark Stone.
6:01 of 2nd period - Stopped by Antti Raanta with a rebound.
6:03 of 2nd period - Shot by Tyler Seguin.
6:03 of 2nd period - Stopped by Antti Raanta without a rebound.
6:04 of 2nd period - Nazem Kadri wins face-off versus Mika Zibanejad in LOS ANGELES zone.
6:40 of 2nd period - Icing by Zach Parise.
6:41 of 2nd period - Mika Zibanejad wins face-off versus Nazem Kadri in VANCOUVER zone.
6:41 of 2nd period - Mika Zibanejad is hit by Sami Vatanen.
6:43 of 2nd period - Shot by Jonathan Toews.
6:43 of 2nd period - Stopped by Petr Mrazek with a rebound.
7:13 of 2nd period - Minor Penalty to Ryan Ellis for Interference.
7:14 of 2nd period - Jonathan Huberdeau wins face-off versus Nick Bonino in VANCOUVER zone.
7:14 of 2nd period - Jonathan Huberdeau is hit by Nick Bonino.
8:24 of 2nd period - Shot by Sheldon Dries.
8:24 of 2nd period - Shot Misses the Net.
8:36 of 2nd period - Shot by Jonathan Toews.
8:36 of 2nd period - Shot Blocked by Zach Parise.
8:38 of 2nd period - Shot by Jonathan Toews.
8:38 of 2nd period - Shot Misses the Net.
8:40 of 2nd period - Shot by Jonathan Toews.
8:40 of 2nd period - Goal by Jonathan Toews - VANCOUVER : 2 - LOS ANGELES : 2.
8:41 of 2nd period - Travis Zajac wins face-off versus Tyler Seguin in neutral zone.
8:45 of 2nd period - Shot by Travis Zajac.
8:45 of 2nd period - Deflect By Vladislav Namestnikov.
8:45 of 2nd period - Stopped by Petr Mrazek without a rebound.
8:46 of 2nd period - Travis Zajac wins face-off versus Tyler Seguin in VANCOUVER zone.
9:05 of 2nd period - Shot by Mark Stone.
9:05 of 2nd period - Stopped by Antti Raanta without a rebound.
9:06 of 2nd period - Nick Schmaltz wins face-off versus Jonathan Toews in LOS ANGELES zone.
9:09 of 2nd period - Shot by Nick Schmaltz.
9:09 of 2nd period - Shot Misses the Net.
9:11 of 2nd period - Shot by Nick Schmaltz.
9:11 of 2nd period - Shot Misses the Net.
9:19 of 2nd period - Shot by Nick Schmaltz.
9:19 of 2nd period - Stopped by Antti Raanta without a rebound.
9:20 of 2nd period - Tyler Seguin wins face-off versus Nick Bonino in LOS ANGELES zone.
9:42 of 2nd period - Shot by Mark Stone.
9:42 of 2nd period - Shot Misses the Net.
9:43 of 2nd period - Minor Penalty to Zdeno Chara for Holding.
9:44 of 2nd period - Mika Zibanejad wins face-off versus Nazem Kadri in LOS ANGELES zone.
9:50 of 2nd period - Icing by Nikolaj Ehlers.
9:51 of 2nd period - Mika Zibanejad wins face-off versus Nazem Kadri in VANCOUVER zone.
10:45 of 2nd period - Matthew Tkachuk is hit by Nazem Kadri and loses puck.
11:03 of 2nd period - Off-side.
11:04 of 2nd period - Tyler Seguin wins face-off versus Matthew Tkachuk in neutral zone.
11:35 of 2nd period - Alex Goligoski is hit by Mark Stone and loses puck.
11:45 of 2nd period - Nick Schmaltz is hit by Zdeno Chara and loses puck.
11:50 of 2nd period - Shot by Melker Karlsson.
11:50 of 2nd period - Stopped by Antti Raanta with a rebound.
11:52 of 2nd period - Shot by Melker Karlsson.
11:52 of 2nd period - Stopped by Antti Raanta with a rebound.
11:54 of 2nd period - Shot by Nick Schmaltz.
11:54 of 2nd period - Shot Misses the Net.
11:56 of 2nd period - Shot by Luca Sbisa.
11:56 of 2nd period - Stopped by Antti Raanta without a rebound.
11:57 of 2nd period - Nick Bonino wins face-off versus Sheldon Dries in LOS ANGELES zone.
12:23 of 2nd period - Shot by Sheldon Dries.
12:23 of 2nd period - Shot Misses the Net.
12:29 of 2nd period - Shot by Troy Brouwer.
12:29 of 2nd period - Shot Misses the Net.
12:47 of 2nd period - Off-side.
12:48 of 2nd period - Nazem Kadri wins face-off versus Vladislav Namestnikov in neutral zone.
12:53 of 2nd period - Ryan McDonagh is hit by Zach Parise and loses puck.
13:05 of 2nd period - Icing by Erik Johnson.
13:06 of 2nd period - Jonathan Toews wins face-off versus Nazem Kadri in VANCOUVER zone.
13:06 of 2nd period - Jonathan Toews is hit by Ryan Ellis.
13:08 of 2nd period - Shot by Matthew Tkachuk.
13:08 of 2nd period - Shot Misses the Net.
13:14 of 2nd period - Johnny Boychuk is hit by Zach Parise and loses puck.
13:19 of 2nd period - Shot by Zach Parise.
13:19 of 2nd period - Shot Misses the Net.
13:41 of 2nd period - Shot by Matthew Tkachuk.
13:41 of 2nd period - Shot Blocked by Erik Johnson.
14:18 of 2nd period - Icing by Jonathan Huberdeau.
14:19 of 2nd period - Tyler Seguin wins face-off versus Nick Bonino in VANCOUVER zone.
14:31 of 2nd period - Icing by Alex Goligoski.
14:32 of 2nd period - Nick Bonino wins face-off versus Nick Schmaltz in LOS ANGELES zone.
14:42 of 2nd period - Luca Sbisa is hit by Mike Hoffman and loses puck.
15:11 of 2nd period - Shot by TJ Brodie.
15:11 of 2nd period - Stopped by Antti Raanta without a rebound.
15:12 of 2nd period - Tyler Seguin wins face-off versus Jonathan Toews in LOS ANGELES zone.
17:09 of 2nd period - Nick Schmaltz is hit by Johnny Boychuk.
17:47 of 2nd period - Shot by Mika Zibanejad.
17:47 of 2nd period - Stopped by Petr Mrazek without a rebound.
17:48 of 2nd period - Tyler Seguin wins face-off versus Matthew Tkachuk in VANCOUVER zone.
17:52 of 2nd period - Off-side.
17:53 of 2nd period - Jonathan Toews wins face-off versus Tyler Seguin in neutral zone.
17:56 of 2nd period - Mark Stone is hit by Mika Zibanejad.
18:04 of 2nd period - Shot by Tyler Seguin.
18:04 of 2nd period - Deflect By Mark Stone.
18:04 of 2nd period - Stopped by Antti Raanta without a rebound.
18:05 of 2nd period - Travis Zajac wins face-off versus Nazem Kadri in LOS ANGELES zone.
18:21 of 2nd period - Shot by Travis Zajac.
18:21 of 2nd period - Deflect By Vladislav Namestnikov.
18:21 of 2nd period - Stopped by Petr Mrazek with a rebound.
19:13 of 2nd period - Shot by Tyler Seguin.
19:13 of 2nd period - Stopped by Antti Raanta without a rebound.
19:14 of 2nd period - Mike Hoffman wins face-off versus Nick Schmaltz in LOS ANGELES zone.
19:19 of 2nd period - Shot by Jakub Vrana.
19:19 of 2nd period - Shot Blocked by Melker Karlsson.
19:32 of 2nd period - Icing by Melker Karlsson.
19:33 of 2nd period - Nick Schmaltz wins face-off versus Riley Nash in VANCOUVER zone.
19:54 of 2nd period - Shot by Nick Cousins.
19:54 of 2nd period - Stopped by Petr Mrazek without a rebound.
19:55 of 2nd period - Jonathan Toews wins face-off versus Zach Parise in VANCOUVER zone.
Goals for this period are 0 for VANCOUVER vs 2 for LOS ANGELES.
Shots for this period are 14 for VANCOUVER vs 10 for LOS ANGELES.

3rd period


0:01 of 3rd period - Nazem Kadri wins face-off versus Matthew Tkachuk in neutral zone.
0:05 of 3rd period - Icing by Johnny Boychuk.
0:06 of 3rd period - Jonathan Toews wins face-off versus Zach Parise in LOS ANGELES zone.
1:20 of 3rd period - Shot by Jonathan Huberdeau.
1:20 of 3rd period - Shot Misses the Net.
1:22 of 3rd period - Shot by Hampus Lindholm.
1:22 of 3rd period - Stopped by Antti Raanta without a rebound.
1:23 of 3rd period - Travis Zajac wins face-off versus Nick Schmaltz in LOS ANGELES zone.
1:38 of 3rd period - Vladislav Namestnikov is hit by TJ Brodie and loses puck.
1:59 of 3rd period - Shot by Nick Schmaltz.
1:59 of 3rd period - Stopped by Antti Raanta without a rebound.
2:00 of 3rd period - Jonathan Toews wins face-off versus Tyler Seguin in LOS ANGELES zone.
3:12 of 3rd period - Icing by Josh Manson.
3:13 of 3rd period - Nick Schmaltz wins face-off versus Jakub Vrana in LOS ANGELES zone.
3:13 of 3rd period - Nick Schmaltz is hit by Josh Manson.
3:18 of 3rd period - Melker Karlsson is hit by Josh Manson and loses puck.
3:31 of 3rd period - Melker Karlsson is hit by Jakub Vrana and loses puck.
3:43 of 3rd period - Off-side.
3:44 of 3rd period - Nazem Kadri wins face-off versus Travis Zajac in neutral zone.
4:11 of 3rd period - Shot by Nikolaj Ehlers.
4:11 of 3rd period - Shot Misses the Net.
5:27 of 3rd period - Mika Zibanejad is hit by Luca Sbisa and loses puck.
5:44 of 3rd period - Shot by Nick Schmaltz.
5:44 of 3rd period - Stopped by Antti Raanta without a rebound.
5:45 of 3rd period - Nick Bonino wins face-off versus Sheldon Dries in LOS ANGELES zone.
6:50 of 3rd period - Shot by Nikolaj Ehlers.
6:50 of 3rd period - Shot Misses the Net.
7:04 of 3rd period - Shot by Nazem Kadri.
7:04 of 3rd period - Stopped by Antti Raanta without a rebound.
7:05 of 3rd period - Tyler Seguin wins face-off versus Gabriel Bourque in LOS ANGELES zone.
7:08 of 3rd period - Shot by Mark Stone.
7:08 of 3rd period - Shot Misses the Net.
7:26 of 3rd period - Shot by Riley Nash.
7:26 of 3rd period - Stopped by Petr Mrazek without a rebound.
7:27 of 3rd period - Nazem Kadri wins face-off versus Nick Bonino in VANCOUVER zone.
8:49 of 3rd period - Shot by Tyler Seguin.
8:49 of 3rd period - Stopped by Antti Raanta without a rebound.
8:50 of 3rd period - Travis Zajac wins face-off versus Nick Schmaltz in LOS ANGELES zone.
9:11 of 3rd period - Off-side.
9:12 of 3rd period - Nick Bonino wins face-off versus Sheldon Dries in neutral zone.
9:15 of 3rd period - Shot by Mike Hoffman.
9:15 of 3rd period - Stopped by Petr Mrazek without a rebound.
9:16 of 3rd period - Tyler Seguin wins face-off versus Nick Bonino in VANCOUVER zone.
9:42 of 3rd period - Mike Hoffman is hit by Hampus Lindholm and loses puck.
10:01 of 3rd period - Shot by Matthew Tkachuk.
10:01 of 3rd period - Stopped by Petr Mrazek without a rebound.
10:02 of 3rd period - Mika Zibanejad wins face-off versus Nazem Kadri in VANCOUVER zone.
12:04 of 3rd period - Off-side.
12:05 of 3rd period - Tyler Seguin wins face-off versus Jonathan Toews in neutral zone.
12:05 of 3rd period - Tyler Seguin is hit by Mika Zibanejad.
12:11 of 3rd period - Icing by Matthew Tkachuk.
12:12 of 3rd period - Tyler Seguin wins face-off versus Jonathan Toews in LOS ANGELES zone.
12:43 of 3rd period - Shot by Mark Stone.
12:43 of 3rd period - Shot Misses the Net.
12:47 of 3rd period - Shot by Mark Stone.
12:47 of 3rd period - Stopped by Antti Raanta without a rebound.
12:48 of 3rd period - Nazem Kadri wins face-off versus Nick Bonino in LOS ANGELES zone.
12:49 of 3rd period - Shot by Zach Parise.
12:49 of 3rd period - Stopped by Antti Raanta without a rebound.
12:50 of 3rd period - Nazem Kadri wins face-off versus Nick Bonino in LOS ANGELES zone.
13:09 of 3rd period - Shot by Mike Hoffman.
13:09 of 3rd period - Deflect By Jakub Vrana.
13:09 of 3rd period - Shot Misses the Net.
13:21 of 3rd period - Shot by Jakub Vrana.
13:21 of 3rd period - Shot Misses the Net.
13:23 of 3rd period - Shot by Ryan McDonagh.
13:23 of 3rd period - Shot Misses the Net.
13:25 of 3rd period - Shot by Mike Hoffman.
13:25 of 3rd period - Shot Misses the Net.
13:27 of 3rd period - Shot by Nick Bonino.
13:27 of 3rd period - Shot Blocked by Erik Johnson.
13:54 of 3rd period - Shot by Mika Zibanejad.
13:54 of 3rd period - Stopped by Petr Mrazek without a rebound.
13:55 of 3rd period - Tyler Seguin wins face-off versus Travis Zajac in VANCOUVER zone.
14:28 of 3rd period - Shot by Jonathan Huberdeau.
14:28 of 3rd period - Stopped by Antti Raanta without a rebound.
14:29 of 3rd period - Melker Karlsson wins face-off versus Jonathan Toews in LOS ANGELES zone.
14:32 of 3rd period - Shot by Nick Schmaltz.
14:32 of 3rd period - Shot Misses the Net.
14:52 of 3rd period - Shot by Mika Zibanejad.
14:52 of 3rd period - Shot Blocked by Luca Sbisa.
15:02 of 3rd period - Shot by Nick Schmaltz.
15:02 of 3rd period - Shot Misses the Net.
15:23 of 3rd period - Shot by Hampus Lindholm.
15:23 of 3rd period - Stopped by Antti Raanta with a rebound.
15:41 of 3rd period - Shot by Troy Brouwer.
15:41 of 3rd period - Shot Misses the Net.
15:51 of 3rd period - Sheldon Dries is hit by Jonathan Toews and loses puck.
16:03 of 3rd period - Icing by Johnny Boychuk.
16:04 of 3rd period - Jonathan Toews wins face-off versus Nazem Kadri in LOS ANGELES zone.
16:49 of 3rd period - Shot by Mike Hoffman.
16:49 of 3rd period - Shot Hit the Post.
16:51 of 3rd period - Shot by Ryan McDonagh.
16:51 of 3rd period - Stopped by Petr Mrazek without a rebound.
16:52 of 3rd period - Travis Zajac wins face-off versus Jonathan Huberdeau in VANCOUVER zone.
17:50 of 3rd period - Shot by Jakub Vrana.
17:50 of 3rd period - Shot Misses the Net.
18:06 of 3rd period - Shot by Nick Schmaltz.
18:06 of 3rd period - Stopped by Antti Raanta without a rebound.
18:07 of 3rd period - Nazem Kadri wins face-off versus Gabriel Bourque in LOS ANGELES zone.
18:22 of 3rd period - Off-side.
18:23 of 3rd period - Nick Schmaltz wins face-off versus Travis Zajac in neutral zone.
18:25 of 3rd period - Alex Steen is hit by Zdeno Chara and loses puck.
19:04 of 3rd period - Off-side.
19:05 of 3rd period - Nazem Kadri wins face-off versus Mike Hoffman in neutral zone.
19:07 of 3rd period - Off-side.
19:08 of 3rd period - Nick Bonino wins face-off versus Nikolaj Ehlers in neutral zone.
19:13 of 3rd period - Nick Bonino is hit by Nazem Kadri and loses puck.
19:55 of 3rd period - Icing by Josh Manson.
19:56 of 3rd period - Tyler Seguin wins face-off versus Nick Bonino in LOS ANGELES zone.
19:59 of 3rd period - Shot by Jonathan Huberdeau.
19:59 of 3rd period - Shot Misses the Net.
Goals for this period are 0 for VANCOUVER vs 0 for LOS ANGELES.
Shots for this period are 10 for VANCOUVER vs 5 for LOS ANGELES.

Overtime #1


0:01 of 1st overtime period - Alex Steen wins face-off versus Jonathan Toews in neutral zone.
0:10 of 1st overtime period - Shot by Nick Schmaltz.
0:10 of 1st overtime period - Shot Blocked by Zdeno Chara.
0:38 of 1st overtime period - Shot by Alex Steen.
0:38 of 1st overtime period - Stopped by Antti Raanta without a rebound.
0:39 of 1st overtime period - Alex Steen wins face-off versus Jonathan Toews in LOS ANGELES zone.
0:42 of 1st overtime period - Shot by Nick Schmaltz.
0:42 of 1st overtime period - Shot Misses the Net.
0:46 of 1st overtime period - Shot by Nick Schmaltz.
0:46 of 1st overtime period - Shot Hit the Post.
0:52 of 1st overtime period - Shot by Nick Schmaltz.
0:52 of 1st overtime period - Shot Blocked by Zdeno Chara.
0:54 of 1st overtime period - Shot by Nick Schmaltz.
0:54 of 1st overtime period - Shot Misses the Net.
1:30 of 1st overtime period - Shot by Mike Hoffman.
1:30 of 1st overtime period - Stopped by Petr Mrazek without a rebound.
1:31 of 1st overtime period - Nick Bonino wins face-off versus Sheldon Dries in VANCOUVER zone.
1:34 of 1st overtime period - Shot by Mike Hoffman.
1:34 of 1st overtime period - Shot Misses the Net.
1:41 of 1st overtime period - Off-side.
1:42 of 1st overtime period - Sheldon Dries wins face-off versus Jonathan Toews in neutral zone.
2:41 of 1st overtime period - Icing by Johnny Boychuk.
2:42 of 1st overtime period - Nick Bonino wins face-off versus Alex Steen in LOS ANGELES zone.
4:29 of 1st overtime period - Shot by Jonathan Toews.
4:29 of 1st overtime period - Goal by Jonathan Toews - VANCOUVER : 2 - LOS ANGELES : 3.
Goals for this period are 0 for VANCOUVER vs 1 for LOS ANGELES.
Shots for this period are 1 for VANCOUVER vs 2 for LOS ANGELES.